 Dungeon Crawl Stone Soup version 0.28.0 (webtiles) character file.

Game seed: 17860585589448245674

18 UndeclaredVariable the Caller (level 2, 0/19 HPs)
             Began as a Merfolk Summoner on Feb 17, 2022.
             Slain by a phantom (9 damage)
             ... on level 1 of the Dungeon.
             The game lasted 00:08:49 (1156 turns).

UndeclaredVariable the Caller (Merfolk Summoner)    Turns: 1156, Time: 00:08:49

Health: 0/19       AC:  2    Str:  8    XL:     2   Next: 70%
Magic:  1/5        EV: 12    Int: 14    God:
Gold:   25         SH:  0    Dex: 14    Spells: 2/5 levels left

rFire   . . .      SeeInvis .   b - +0 dagger
rCold   . . .      Faith    .   (no shield)
rNeg    . . .      Spirit   .   a - +0 robe
rPois   .          Reflect  .   (no helmet)
rElec   .          Harm     .   (no cloak)
rCorr   .          Rampage  .   (no gloves)
Will    .....                   (no boots)
Stlth   ++........              (no amulet)
HPRegen 0.06/turn               (no ring)
MPRegen 0.09/turn               (no ring)

@: no status effects
A: (nimble swimmer 2), mertail
a: no special abilities


You were on level 1 of the Dungeon.
You visited 1 branch of the dungeon, and saw 2 of its levels.

You collected 25 gold pieces.

Inventory:

Hand Weapons
 b - a +0 dagger (weapon)
Missiles
 c - 3 poisoned darts
 d - 19 stones
 e - 2 arrows
Armour
 a - a +0 robe (worn)
Scrolls
 f - 2 scrolls of noise


   Skills:
 + Level 2.8 Dodging
 + Level 2.2 Stealth
 + Level 2.3 Spellcasting
 + Level 4.4 Summonings


You had 2 spell levels left.
You knew the following spells:

 Your Spells              Type           Power      Damage    Failure   Level
a - Summon Small Mammal   Summ           56%        N/A       3%          1
b - Call Imp              Summ           14%        N/A       5%          2

Your spell library contained the following spells:

 Spells                   Type           Power      Damage    Failure   Level
 Call Canine Familiar     Summ           14%        N/A       11%         3
 Summon Guardian Golem    Hex/Summ       7%         N/A       28%         3
 Summon Lightning Spire   Summ/Air       7%         N/A       67%         4


Dungeon Overview and Level Annotations

Branches:
Dungeon (2/15)

Altars:

Shops:
D:1 ?


Innate Abilities, Weirdness & Mutations

((You are very nimble when in or above water. (Stealth+, EV+, Speed+++)))
Your lower body shifts to a powerful aquatic tail in water.


Message History

Your quokka misses the phantom. Your quokka misses the phantom.
Your quokka closely misses the phantom.
The phantom barely misses you.
Your rat barely misses the phantom.
Your quokka closely misses the phantom.
Your white imp gestures at the phantom.
The puff of frost hits the phantom.
The phantom resists.
The phantom hits your white imp.
Your quokka bites the phantom.
Your rat bites the phantom but does no damage.
Your white imp misses the phantom.
Your quokka misses the phantom.
The phantom barely misses your white imp.
Your rat closely misses the phantom.
Your white imp hits the phantom but does no damage.
Your quokka bites the phantom.
The phantom hits your white imp.
Your rat closely misses the phantom.
Your quokka bites the phantom.
Your white imp barely misses the phantom.
The phantom hits your white imp!
Your white imp dies!
Your white imp disappears in a puff of smoke!
Your rat bites the phantom but does no damage.
Your quokka bites the phantom but does no damage.
Casting: Summon Small Mammal (safe; 3% risk of failure)
Confirm with . or Enter, or press ? or * to list all spells.
A beastly little devil appears in a puff of flame.
Your rat bites the phantom but does no damage.
You swap places.
The phantom hits you.
The phantom blinks!
You blink.
Your rat barely misses the phantom.
The phantom hits you but does no damage.
Your rat bites the phantom but does no damage.
Your crimson imp blinks!
Your quokka closely misses the phantom.
The phantom hits you.
Your rat barely misses the phantom.
Your quokka barely misses the phantom.
Your crimson imp blinks!
Your rat bites the phantom but does no damage.
You hit the phantom.
The phantom is moderately damaged.
Your quokka closely misses the phantom.
The phantom hits you!
You die...

...........##.......##
.....<.....#)........#
..........)..........#
...........#.........#
.#########.#.........#
...........#.........#
..###................#
### ##..####....5....#
# ##.## #....@....# #
##..# #.....W...#
####..## #....rr...#
..>..## ##.......##
###### ##.....##
#######


You could see a phantom (ally target), a friendly crimson imp (summoned), a
friendly quokka (summoned) and a friendly rat (summoned).

Vanquished Creatures
  2 goblins (D:1)
  2 kobolds (D:1)
  A frilled lizard (D:1)
  A rat (D:1)
6 creatures vanquished.

Vanquished Creatures (collateral kills)
  A ball python (D:1)
  2 goblins (D:1)
  A hobgoblin (D:1)
  3 jackals (D:1)
  A kobold (D:1)
  A rat (D:1)
9 creatures vanquished.

Vanquished Creatures (others)
  A ball python (D:1)
1 creature vanquished.

Grand Total: 16 creatures vanquished

Notes
Turn   | Place    | Note
-------+----------+-------------------------------------------
     0 | D:1      | UndeclaredVariable the Merfolk Summoner began the quest for
                  | the Orb.
     0 | D:1      | Reached XP level 1. HP: 13/13 MP: 3/3
   152 | D:1      | Reached XP level 2. HP: 17/19 MP: 0/5
   157 | D:1      | Learned a level 2 spell: Call Imp
  1018 | D:1      | Found Capylaf's Magic Scroll Shop.
  1111 | D:2      | Noticed a phantom
  1156 | D:1      | Slain by a phantom

Illustrated notes

Levels and vault maps discovered:
D:1:      minmay_arrival_semitransparent, layout_rooms, serial_shops,
          shop_scrolls
D:2:      layout_loops_ring, dreamdust_ecumenical_altar_angels_and_demons,
          uniq_jessica, uniq_terence

Action                   || total
-------------------------++-------
Melee: Dagger            ||    38
       Unarmed           ||     2
       Punch             ||     1
 Cast: Summon Small Mamm ||    20
       Call Imp          ||     7
  Use: Potion            ||     2
       Scroll            ||     2
 Stab: Sleeping          ||     1
Armor: Robe              ||     9
Dodge: Dodged            ||    31
